Adelaide Pink Elephants vs Reno Silver Aces
Created - Monday, February 19, 2024 at 07:02
Goals
|
| Adelaide Pink Elephants |
1 |
2 |
0 |
3 |
| Reno Silver Aces |
0 |
0 |
1 |
1 |
|
Shots
|
| Adelaide Pink Elephants |
5 |
10 |
9 |
24 |
| Reno Silver Aces |
10 |
9 |
14 |
33 |
|
1st period
1. Adelaide Pink Elephants , Matthew Phillips 12 (Ryan Suzuki 3) at 7:09
Penalties :
Josh Archibald (RSA) for Fighting (Major) at 2:01, Nick Cicek (APE) for Fighting (Major) at 2:01
2nd period
2. Adelaide Pink Elephants , Adam Gaudette 10 (Denis Gurianov 14) at 2:06
3. Adelaide Pink Elephants , Denis Gurianov 14 (Adam Gaudette 18, Caleb Jones 2) at 11:25
Penalties :
Nick Cicek (APE) for Slashing (Minor) at 5:32, Nicolas Deslauriers (RSA) for Interference (Minor) at 12:35
3rd period
4. Reno Silver Aces , Peter Abbandonato 5 (Maxime Comtois 7, William Dufour 6) at 4:38 (PP)
Penalties :
Nick Cicek (APE) for Hooking (Minor) at 1:06, Ville Heinola (APE) for Hooking (Minor) at 4:08, Jon Merrill (RSA) for Hooking (Minor) at 19:29
Goalie Stats
Matthew Murray (APE), 32 saves from 33 shots - (0.970), W, 1-0-0, 60:00 minutes
Mackenzie Blackwood (RSA), 21 saves from 24 shots - (0.875), L, 1-4-0, 60:00 minutes
Players Stats for Adelaide Pink Elephants
Player Name G A P +/- PIM S H SB GA TA FO MP PP MP PK MP
------------------------------------------------------------------------------------
Adam Gaudette 1 1 2 2 0 3 3 0 1 0 9/15 20:38 1:11 2:26
AJ Greer 0 0 0 1 0 2 1 0 0 2 1/1 17:07 1:18 0:00
Alex Vlasic 0 0 0 0 0 1 0 1 0 0 0/0 7:13 0:00 0:00
Axel Jonsson-Fjallby 0 0 0 0 0 3 2 1 0 0 1/1 19:31 0:00 0:00
Benjamin Gleason 0 0 0 0 0 0 0 0 0 0 0/0 7:13 0:00 0:00
Cal Clutterbuck 0 0 0 1 0 3 4 1 2 1 0/4 23:56 1:11 2:02
Caleb Jones 0 1 1 1 0 0 1 2 0 0 0/0 19:39 0:58 2:14
Denis Gurianov 1 1 2 2 0 4 0 0 0 0 1/1 19:51 1:11 2:02
Fredrik Olofsson 0 0 0 0 0 0 0 0 0 0 0/0 15:28 0:00 0:00
Ilya Solovyov 0 0 0 0 0 0 0 0 0 0 0/0 1:46 0:00 0:03
Jacob Bernard-Docker 0 0 0 1 0 0 0 1 0 1 0/0 19:34 1:31 2:11
Matthew Phillips 1 0 1 1 0 1 0 1 0 1 5/11 19:46 1:18 2:26
Nick Cicek 0 0 0 1 9 0 0 1 1 2 0/0 17:03 0:58 0:30
Robin Salo 0 0 0 1 0 0 0 3 0 0 0/0 14:23 0:00 1:32
Ryan Suzuki 0 1 1 1 0 4 1 0 1 0 6/10 21:57 1:18 0:00
Tristen Robins 0 0 0 1 0 0 1 0 1 1 4/9 16:15 0:00 0:00
Ville Heinola 0 0 0 1 2 2 2 1 0 0 0/0 14:34 0:00 0:15
Zachary Jones 0 0 0 1 0 1 1 0 0 0 0/0 19:34 1:31 2:11
Players Stats for Reno Silver Aces
Player Name G A P +/- PIM S H SB GA TA FO MP PP MP PK MP
------------------------------------------------------------------------------------
Danton Heinen 0 0 0 0 0 3 1 0 0 0 0/0 17:10 2:14 0:00
Drew O'Connor 0 0 0 -3 0 3 1 0 1 0 1/1 15:33 0:00 1:14
Dylan Coghlan 0 0 0 0 0 0 1 1 0 1 0/0 17:23 0:00 1:02
Jeremie Poirier 0 0 0 -3 0 0 2 0 0 0 0/0 17:00 2:14 0:00
Jon Merrill 0 0 0 0 2 0 0 0 0 0 0/0 22:52 0:00 0:57
Josh Archibald 0 0 0 0 5 2 1 0 2 1 0/0 14:34 0:00 1:12
Lars Eller 0 0 0 0 0 2 2 0 0 0 8/15 16:12 0:03 1:12
Maxime Comtois 0 1 1 0 0 1 2 0 2 0 0/0 17:25 2:26 0:00
Michael Stone 0 0 0 0 0 1 0 2 1 1 0/0 19:37 2:14 1:02
Nicolas Deslauriers 0 0 0 -2 2 5 3 0 0 0 0/0 14:20 0:03 0:00
Patrick Brown 0 0 0 -2 0 5 0 0 0 0 3/11 15:16 0:00 1:14
Peter Abbandonato 1 0 1 0 0 3 2 0 1 0 6/8 11:30 2:26 0:00
Robert Bortuzzo 0 0 0 0 0 1 3 0 0 0 0/0 23:23 0:00 1:27
Trevor Lewis 0 0 0 -1 0 2 3 2 0 0 6/14 17:02 1:59 0:03
Valtteri Puustinen 0 0 0 0 0 3 0 0 0 1 1/1 12:27 2:02 0:03
Vinnie Hinostroza 0 0 0 -1 0 1 1 0 1 1 0/2 16:44 1:59 0:00
William Dufour 0 1 1 0 0 1 1 0 0 0 0/0 11:30 2:26 0:00
William Villeneuve 0 0 0 -3 0 0 1 0 0 1 0/0 17:30 2:14 0:30
3 Stars
1 - Adam Gaudette (APE)
2 - Matthew Murray (APE)
3 - Denis Gurianov (APE)
Power Play
Adelaide Pink Elephants - 0 on 2 Attempt(s) - 0.00%
Reno Silver Aces - 1 on 3 Attempt(s) - 33.33%
Penalty Kill
Adelaide Pink Elephants - 2 on 3 Attempt(s) - 66.67%
- Score 0 goal in Penalty Kill
Reno Silver Aces - 2 on 2 Attempt(s) - 100.00%
- Score 0 goal in Penalty Kill
Team Stat
Adelaide Pink Elephants - Hits : 16 - Faceoff Wins : 27 - Blocked Shots : 12 - Penalty Minutes : 11
Reno Silver Aces - Hits : 24 - Faceoff Wins : 25 - Blocked Shots : 5 - Penalty Minutes : 9
Official
Referees : Brad Watson and Mike Hasenfratz
Linesman : Lonnie Cameron and Bryan Pancich
Game Notes
Josh Archibald beats up Nick Cicek at 2:01 of 1st period
Adelaide Pink Elephants
5 vs 5 Forward
Center Left Wing Right Wing Time % Phy DF OF
1 Adam Gaudette Denis Gurianov Cal Clutterbuck 30 1 2 2
2 Matthew Phillips AJ Greer Ryan Suzuki 30 1 2 2
3 Tristen Robins Fredrik Olofsson Axel Jonsson-Fjallby 25 1 2 2
4 Ryan Suzuki Axel Jonsson-Fjallby Cal Clutterbuck 15 1 2 2
5 vs 5 Defense
Defense Defense Time % Phy DF OF
1 Caleb Jones Nick Cicek 30 1 2 2
2 Jacob Bernard-Docker Zachary Jones 30 1 2 2
3 Robin Salo Ville Heinola 25 1 2 2
4 Alex Vlasic Benjamin Gleason 15 1 2 2
PowerPlay Forward
Center Left Wing Right Wing Time % Phy DF OF
1 Adam Gaudette Denis Gurianov Cal Clutterbuck 50 1 2 2
2 Matthew Phillips AJ Greer Ryan Suzuki 50 1 2 2
PowerPlay Defense
Defense Defense Time % Phy DF OF
1 Caleb Jones Nick Cicek 50 1 2 2
2 Jacob Bernard-Docker Zachary Jones 50 1 2 2
Penalty Kill 4 Players Forward
Center Wing Time % Phy DF OF
1 Cal Clutterbuck Denis Gurianov 50 1 2 2
2 Adam Gaudette Matthew Phillips 50 1 2 2
Penalty Kill 4 Players Defense
Defense Defense Time % Phy DF OF
1 Caleb Jones Nick Cicek 50 1 2 2
2 Jacob Bernard-Docker Zachary Jones 50 1 2 2
Penalty Kill - 3 Players Forward
Forward Time % Phy DF OF
1 Cal Clutterbuck 50 1 2 2
2 Denis Gurianov 50 1 2 2
Penalty Kill - 3 Players Defense
Defense Defense Time % Phy DF OF
1 Caleb Jones Nick Cicek 50 1 2 2
2 Jacob Bernard-Docker Zachary Jones 50 1 2 2
4 vs 4 Forward
Center Wing Time % Phy DF OF
1 Cal Clutterbuck Denis Gurianov 50 1 2 2
2 Adam Gaudette Matthew Phillips 50 1 2 2
4 vs 4 Defense
Defense Defense Time % Phy DF OF
1 Caleb Jones Nick Cicek 50 1 2 2
2 Jacob Bernard-Docker Zachary Jones 50 1 2 2
Last Minutes Offensive
Center Left Wing Right Wing Defense Defense
Adam Gaudette Denis Gurianov Cal Clutterbuck Caleb Jones Nick Cicek
Last Minutes Defensive
Center Left Wing Right Wing Defense Defense
Adam Gaudette Denis Gurianov Cal Clutterbuck Caleb Jones Nick Cicek
Goaltenders
Starting : Matthew Murray
Backup : Unknown Goalie
Extra Forwards
Normal : Tristen Robins, Fredrik Olofsson, AJ Greer - PP : Tristen Robins, Fredrik Olofsson - PK : AJ Greer
Extra Defensemen
Normal : Ilya Solovyov, Robin Salo, Ville Heinola - PP : Ilya Solovyov - PK : Robin Salo, Ville Heinola
Penalty Shots
Cal Clutterbuck, Denis Gurianov, Adam Gaudette, Matthew Phillips, AJ Greer
Reno Silver Aces
5 vs 5 Forward
Center Left Wing Right Wing Time % Phy DF OF
1 Lars Eller Maxime Comtois Danton Heinen 30 1 2 2
2 Trevor Lewis Vinnie Hinostroza Josh Archibald 30 1 2 2
3 Patrick Brown Drew O'Connor Nicolas Deslauriers 25 1 2 2
4 Peter Abbandonato Valtteri Puustinen William Dufour 15 1 2 2
5 vs 5 Defense
Defense Defense Time % Phy DF OF
1 Robert Bortuzzo Jon Merrill 30 1 2 2
2 Michael Stone Dylan Coghlan 30 1 2 2
3 Jeremie Poirier William Villeneuve 25 1 2 2
4 Robert Bortuzzo Jon Merrill 15 1 2 2
PowerPlay Forward
Center Left Wing Right Wing Time % Phy DF OF
1 Trevor Lewis Valtteri Puustinen Vinnie Hinostroza 50 1 2 2
2 Peter Abbandonato Maxime Comtois William Dufour 50 1 2 2
PowerPlay Defense
Defense Defense Time % Phy DF OF
1 Danton Heinen Michael Stone 50 1 2 2
2 William Villeneuve Jeremie Poirier 50 1 2 2
Penalty Kill 4 Players Forward
Center Wing Time % Phy DF OF
1 Lars Eller Josh Archibald 50 1 2 2
2 Patrick Brown Drew O'Connor 50 1 2 2
Penalty Kill 4 Players Defense
Defense Defense Time % Phy DF OF
1 Robert Bortuzzo Jon Merrill 50 1 2 2
2 Michael Stone Dylan Coghlan 50 1 2 2
Penalty Kill - 3 Players Forward
Forward Time % Phy DF OF
1 Lars Eller 50 1 2 2
2 Patrick Brown 50 1 2 2
Penalty Kill - 3 Players Defense
Defense Defense Time % Phy DF OF
1 Robert Bortuzzo Jon Merrill 50 1 2 2
2 Michael Stone Dylan Coghlan 50 1 2 2
4 vs 4 Forward
Center Wing Time % Phy DF OF
1 Lars Eller Josh Archibald 50 1 2 2
2 Peter Abbandonato Nicolas Deslauriers 50 1 2 2
4 vs 4 Defense
Defense Defense Time % Phy DF OF
1 Robert Bortuzzo Jon Merrill 50 1 2 2
2 William Villeneuve Jeremie Poirier 50 1 2 2
Last Minutes Offensive
Center Left Wing Right Wing Defense Defense
Lars Eller Danton Heinen Trevor Lewis Robert Bortuzzo Jon Merrill
Last Minutes Defensive
Center Left Wing Right Wing Defense Defense
Lars Eller Josh Archibald Patrick Brown Robert Bortuzzo Jon Merrill
Goaltenders
Starting : Mackenzie Blackwood
Backup : Philipp Grubauer
Extra Forwards
Normal : Valtteri Puustinen, Vinnie Hinostroza, Drew O'Connor - PP : Valtteri Puustinen, Vinnie Hinostroza - PK : Drew O'Connor
Extra Defensemen
Normal : Dylan Coghlan, William Villeneuve, Michael Stone - PP : Dylan Coghlan - PK : William Villeneuve, Michael Stone
Penalty Shots
Lars Eller, Trevor Lewis, Maxime Comtois, Nicolas Deslauriers, Josh Archibald
% Time on Ice - Adelaide Pink Elephants
Lines # - Real PCT - Wanted PCT - Time Play
Normal Forward
1 - 32% - 30% - 16:45
2 - 33% - 30% - 17:24
3 - 27% - 25% - 14:19
4 - 9% - 15% - 4:35
Normal Defense
1 - 32% - 30% - 17:10
2 - 30% - 30% - 15:52
3 - 24% - 25% - 12:48
4 - 14% - 15% - 7:13
PP Forward
1 - 48% - 50% - 1:11
2 - 52% - 50% - 1:18
PP Defense
1 - 39% - 50% - 0:58
2 - 61% - 50% - 1:31
PK Forward
1 - 46% - 50% - 2:02
2 - 54% - 50% - 2:26
PK Defense
1 - 51% - 50% - 2:17
2 - 49% - 50% - 2:11
PK3 Forward
1 - 0% - 50%
2 - 0% - 50%
PK3 Defense
1 - 0% - 50%
2 - 0% - 50%
44 Forward
1 - 0% - 50%
2 - 0% - 50%
44 Defense
1 - 0% - 50%
2 - 0% - 50%
Last Minute Offensive - 0:00
Last Minute Defensive - 0:00
Total
Forward - 60:00
Defense - 60:00
|
% Time on Ice - Reno Silver Aces
Lines # - Real PCT - Wanted PCT - Time Play
Normal Forward
1 - 29% - 30% - 15:12
2 - 28% - 30% - 14:48
3 - 26% - 25% - 14:02
4 - 17% - 15% - 9:01
Normal Defense
1 - 28% - 30% - 14:48
2 - 31% - 30% - 16:36
3 - 27% - 25% - 14:31
4 - 13% - 15% - 7:08
PP Forward
1 - 46% - 50% - 2:02
2 - 54% - 50% - 2:26
PP Defense
1 - 50% - 50% - 2:14
2 - 50% - 50% - 2:14
PK Forward
1 - 50% - 50% - 1:15
2 - 50% - 50% - 1:14
PK Defense
1 - 58% - 50% - 1:27
2 - 42% - 50% - 1:02
PK3 Forward
1 - 0% - 50%
2 - 0% - 50%
PK3 Defense
1 - 0% - 50%
2 - 0% - 50%
44 Forward
1 - 0% - 50%
2 - 0% - 50%
44 Defense
1 - 0% - 50%
2 - 0% - 50%
Last Minute Offensive - 0:00
Last Minute Defensive - 0:00
Total
Forward - 60:00
Defense - 60:00
|
Play-by-Play
1st period
0:01 of 1st period - Adam Gaudette wins face-off versus Lars Eller in neutral zone.
1:06 of 1st period - Ville Heinola is hit by William Dufour and loses puck.
1:25 of 1st period - Slapshot by Danton Heinen.
1:25 of 1st period - Shot Misses the Net.
1:43 of 1st period - Snap shot by AJ Greer.
1:43 of 1st period - Deflect By Matthew Phillips.
1:43 of 1st period - Shot Misses the Net.
1:43 of 1st period - Puck is out of play.
1:44 of 1st period - Tristen Robins wins face-off versus Trevor Lewis in Reno Silver Aces zone.
2:01 of 1st period - Josh Archibald beats up Nick Cicek.
2:01 of 1st period - Penalty to Josh Archibald for Fighting.
2:01 of 1st period - Penalty to Nick Cicek for Fighting.
2:02 of 1st period - Patrick Brown wins face-off versus Ryan Suzuki in neutral zone.
2:17 of 1st period - Snap shot by Patrick Brown.
2:17 of 1st period - Shot Blocked by Cal Clutterbuck.
2:27 of 1st period - Ryan Suzuki is hit by Jeremie Poirier and loses puck.
2:47 of 1st period - Icing by Denis Gurianov.
2:48 of 1st period - Tristen Robins wins face-off versus Lars Eller in Adelaide Pink Elephants zone.
2:48 of 1st period - Tristen Robins is hit by Robert Bortuzzo.
3:29 of 1st period - Snap shot by Danton Heinen.
3:29 of 1st period - Stopped by Matthew Murray without a rebound.
3:30 of 1st period - Trevor Lewis wins face-off versus Matthew Phillips in Adelaide Pink Elephants zone.
3:55 of 1st period - Michael Stone is hit by Cal Clutterbuck and loses puck.
4:16 of 1st period - Wrist shot by Drew O'Connor.
4:16 of 1st period - Stopped by Matthew Murray without a rebound.
4:17 of 1st period - Peter Abbandonato wins face-off versus Matthew Phillips in Adelaide Pink Elephants zone.
4:18 of 1st period - Wrist shot by Valtteri Puustinen.
4:18 of 1st period - Shot Misses the Net.
5:02 of 1st period - Wrist shot by Drew O'Connor.
5:02 of 1st period - Stopped by Matthew Murray without a rebound.
5:03 of 1st period - Valtteri Puustinen wins face-off versus Matthew Phillips in Adelaide Pink Elephants zone.
5:28 of 1st period - Ville Heinola is hit by Maxime Comtois and loses puck.
5:35 of 1st period - Slapshot by Robin Salo.
5:35 of 1st period - Shot Misses the Net.
5:37 of 1st period - Wrist shot by Cal Clutterbuck.
5:37 of 1st period - Stopped by Mackenzie Blackwood with a rebound.
5:55 of 1st period - Nicolas Deslauriers is hit by Caleb Jones and loses puck.
6:33 of 1st period - Icing by Zachary Jones.
6:34 of 1st period - Peter Abbandonato wins face-off versus Tristen Robins in Adelaide Pink Elephants zone.
7:09 of 1st period - Snap shot by Matthew Phillips.
7:09 of 1st period - Goal by Matthew Phillips - Adelaide Pink Elephants : 1 - Reno Silver Aces : 0.
7:10 of 1st period - Ryan Suzuki wins face-off versus Patrick Brown in neutral zone.
7:23 of 1st period - Wrist shot by Drew O'Connor.
7:23 of 1st period - Shot Misses the Net.
7:25 of 1st period - Snap shot by Patrick Brown.
7:25 of 1st period - Shot Misses the Net.
7:54 of 1st period - Snap shot by Axel Jonsson-Fjallby.
7:54 of 1st period - Shot Misses the Net.
7:56 of 1st period - Snap shot by Axel Jonsson-Fjallby.
7:56 of 1st period - Stopped by Mackenzie Blackwood without a rebound.
7:57 of 1st period - Trevor Lewis wins face-off versus Tristen Robins in Reno Silver Aces zone.
8:06 of 1st period - Wrist shot by Vinnie Hinostroza.
8:06 of 1st period - Shot Misses the Net.
8:33 of 1st period - Snap shot by Josh Archibald.
8:33 of 1st period - Shot Misses the Net.
8:59 of 1st period - Snap shot by Trevor Lewis.
8:59 of 1st period - Stopped by Matthew Murray without a rebound.
9:00 of 1st period - Lars Eller wins face-off versus Matthew Phillips in Adelaide Pink Elephants zone.
9:27 of 1st period - Drew O'Connor is hit by Ville Heinola and loses puck.
9:53 of 1st period - Axel Jonsson-Fjallby is hit by Peter Abbandonato and loses puck.
11:00 of 1st period - Wrist shot by Danton Heinen.
11:00 of 1st period - Stopped by Matthew Murray with a rebound.
11:02 of 1st period - Wrist shot by Lars Eller.
11:02 of 1st period - Stopped by Matthew Murray with a rebound.
13:03 of 1st period - Icing by Patrick Brown.
13:04 of 1st period - Patrick Brown wins face-off versus Matthew Phillips in Reno Silver Aces zone.
13:15 of 1st period - Zachary Jones is hit by William Villeneuve and loses puck.
13:32 of 1st period - Wrist shot by Vinnie Hinostroza.
13:32 of 1st period - Shot Misses the Net.
15:03 of 1st period - Snap shot by Vinnie Hinostroza.
15:03 of 1st period - Shot Misses the Net.
15:05 of 1st period - Snap shot by Josh Archibald.
15:05 of 1st period - Stopped by Matthew Murray with a rebound.
15:07 of 1st period - Snap shot by Trevor Lewis.
15:07 of 1st period - Stopped by Matthew Murray with a rebound.
15:09 of 1st period - Wrist shot by Vinnie Hinostroza.
15:09 of 1st period - Stopped by Matthew Murray with a rebound.
15:11 of 1st period - Snap shot by Vinnie Hinostroza.
15:11 of 1st period - Shot Blocked by Robin Salo.
15:13 of 1st period - Wrist shot by Trevor Lewis.
15:13 of 1st period - Shot Blocked by Robin Salo.
15:34 of 1st period - Slapshot by AJ Greer.
15:34 of 1st period - Deflect By Ryan Suzuki.
15:34 of 1st period - Stopped by Mackenzie Blackwood without a rebound.
15:35 of 1st period - Adam Gaudette wins face-off versus Lars Eller in Reno Silver Aces zone.
15:42 of 1st period - Slapshot by Denis Gurianov.
15:42 of 1st period - Stopped by Mackenzie Blackwood with a rebound.
16:09 of 1st period - Snap shot by Fredrik Olofsson.
16:09 of 1st period - Shot Hit the Post.
16:37 of 1st period - Drew O'Connor is hit by Adam Gaudette and loses puck.
16:52 of 1st period - Slapshot by Danton Heinen.
16:52 of 1st period - Shot Blocked by Axel Jonsson-Fjallby.
17:18 of 1st period - Snap shot by Valtteri Puustinen.
17:18 of 1st period - Shot Misses the Net.
17:38 of 1st period - Wrist shot by Josh Archibald.
17:38 of 1st period - Stopped by Matthew Murray with a rebound.
18:10 of 1st period - Wrist shot by Danton Heinen.
18:10 of 1st period - Shot Misses the Net.
19:07 of 1st period - Zachary Jones is hit by Trevor Lewis and loses puck.
19:26 of 1st period - Wrist shot by Ryan Suzuki.
19:26 of 1st period - Deflect By Matthew Phillips.
19:26 of 1st period - Shot Misses the Net.
19:26 of 1st period - Puck is out of play.
19:27 of 1st period - Adam Gaudette wins face-off versus Lars Eller in Reno Silver Aces zone.
Goals for this period are 1 for Adelaide Pink Elephants vs 0 for Reno Silver Aces.
Shots for this period are 5 for Adelaide Pink Elephants vs 10 for Reno Silver Aces.
2nd period
0:01 of 2nd period - Lars Eller wins face-off versus Ryan Suzuki in neutral zone.
0:10 of 2nd period - Snap shot by Maxime Comtois.
0:10 of 2nd period - Shot Misses the Net.
0:12 of 2nd period - Slapshot by Robert Bortuzzo.
0:12 of 2nd period - Shot Misses the Net.
0:26 of 2nd period - Robert Bortuzzo is hit by Adam Gaudette and loses puck.
0:35 of 2nd period - Vinnie Hinostroza is hit by Cal Clutterbuck and loses puck.
1:06 of 2nd period - Wrist shot by William Dufour.
1:06 of 2nd period - Shot Misses the Net.
1:08 of 2nd period - Slapshot by Valtteri Puustinen.
1:08 of 2nd period - Stopped by Matthew Murray with a rebound.
1:56 of 2nd period - Snap shot by Nicolas Deslauriers.
1:56 of 2nd period - Stopped by Matthew Murray without a rebound.
1:57 of 2nd period - Adam Gaudette wins face-off versus Patrick Brown in Adelaide Pink Elephants zone.
2:04 of 2nd period - Snap shot by Adam Gaudette.
2:04 of 2nd period - Shot Misses the Net.
2:06 of 2nd period - Snap shot by Adam Gaudette.
2:06 of 2nd period - Goal by Adam Gaudette - Adelaide Pink Elephants : 2 - Reno Silver Aces : 0.
2:07 of 2nd period - Lars Eller wins face-off versus Cal Clutterbuck in neutral zone.
2:17 of 2nd period - Snap shot by Danton Heinen.
2:17 of 2nd period - Shot Blocked by Caleb Jones.
2:19 of 2nd period - Wrist shot by Maxime Comtois.
2:19 of 2nd period - Stopped by Matthew Murray with a rebound.
2:27 of 2nd period - Lars Eller is hit by Axel Jonsson-Fjallby and loses puck.
2:42 of 2nd period - Slapshot by Cal Clutterbuck.
2:42 of 2nd period - Deflect By Denis Gurianov.
2:42 of 2nd period - Shot Blocked by Trevor Lewis.
2:42 of 2nd period - Puck is out of play.
2:43 of 2nd period - Adam Gaudette wins face-off versus Trevor Lewis in Reno Silver Aces zone.
3:23 of 2nd period - Fredrik Olofsson is hit by Danton Heinen and loses puck.
3:32 of 2nd period - Slapshot by Lars Eller.
3:32 of 2nd period - Shot Misses the Net.
3:42 of 2nd period - Snap shot by Axel Jonsson-Fjallby.
3:42 of 2nd period - Stopped by Mackenzie Blackwood with a rebound.
3:44 of 2nd period - Snap shot by Denis Gurianov.
3:44 of 2nd period - Stopped by Mackenzie Blackwood with a rebound.
3:46 of 2nd period - Slapshot by Ville Heinola.
3:46 of 2nd period - Stopped by Mackenzie Blackwood with a rebound.
4:00 of 2nd period - Ryan Suzuki is hit by Peter Abbandonato and loses puck.
5:05 of 2nd period - Snap shot by Valtteri Puustinen.
5:05 of 2nd period - Deflect By William Dufour.
5:05 of 2nd period - Stopped by Matthew Murray with a rebound.
5:07 of 2nd period - Snap shot by Valtteri Puustinen.
5:07 of 2nd period - Shot Misses the Net.
5:09 of 2nd period - Wrist shot by Valtteri Puustinen.
5:09 of 2nd period - Stopped by Matthew Murray without a rebound.
5:10 of 2nd period - Lars Eller wins face-off versus Adam Gaudette in Adelaide Pink Elephants zone.
5:21 of 2nd period - Adam Gaudette is hit by Lars Eller and loses puck.
5:32 of 2nd period - Minor Penalty to Nick Cicek for Slashing.
5:33 of 2nd period - Trevor Lewis wins face-off versus Adam Gaudette in Adelaide Pink Elephants zone.
5:46 of 2nd period - Snap shot by Vinnie Hinostroza.
5:46 of 2nd period - Deflect By Valtteri Puustinen.
5:46 of 2nd period - Shot Blocked by Caleb Jones.
5:46 of 2nd period - Puck is out of play.
5:47 of 2nd period - Peter Abbandonato wins face-off versus Cal Clutterbuck in Adelaide Pink Elephants zone.
7:32 of 2nd period - Penalty to Nick Cicek is over, Nick Cicek is back on ice.
7:40 of 2nd period - Tristen Robins is hit by Jeremie Poirier and loses puck.
8:01 of 2nd period - Snap shot by AJ Greer.
8:01 of 2nd period - Stopped by Mackenzie Blackwood with a rebound.
8:09 of 2nd period - Matthew Phillips is hit by Maxime Comtois.
9:36 of 2nd period - Icing by Jacob Bernard-Docker.
9:37 of 2nd period - Drew O'Connor wins face-off versus Adam Gaudette in Adelaide Pink Elephants zone.
9:38 of 2nd period - Wrist shot by Nicolas Deslauriers.
9:38 of 2nd period - Stopped by Matthew Murray with a rebound.
10:26 of 2nd period - Icing by Robert Bortuzzo.
10:27 of 2nd period - Trevor Lewis wins face-off versus Tristen Robins in Reno Silver Aces zone.
10:38 of 2nd period - Fredrik Olofsson is hit by Robert Bortuzzo and loses puck.
11:06 of 2nd period - William Villeneuve is hit by Ville Heinola and loses puck.
11:23 of 2nd period - Snap shot by Adam Gaudette.
11:23 of 2nd period - Stopped by Mackenzie Blackwood with a rebound.
11:25 of 2nd period - Slapshot by Denis Gurianov.
11:25 of 2nd period - Goal by Denis Gurianov - Adelaide Pink Elephants : 3 - Reno Silver Aces : 0.
11:26 of 2nd period - Ryan Suzuki wins face-off versus Vinnie Hinostroza in neutral zone.
11:31 of 2nd period - Wrist shot by Cal Clutterbuck.
11:31 of 2nd period - Stopped by Mackenzie Blackwood with a rebound.
11:53 of 2nd period - Maxime Comtois is hit by Cal Clutterbuck.
12:13 of 2nd period - Snap shot by AJ Greer.
12:13 of 2nd period - Stopped by Mackenzie Blackwood without a rebound.
12:14 of 2nd period - Matthew Phillips wins face-off versus Patrick Brown in Reno Silver Aces zone.
12:35 of 2nd period - Minor Penalty to Nicolas Deslauriers for Interference.
12:36 of 2nd period - Lars Eller wins face-off versus Cal Clutterbuck in Reno Silver Aces zone.
14:21 of 2nd period - Jacob Bernard-Docker is hit by Dylan Coghlan and loses puck.
14:35 of 2nd period - Penalty to Nicolas Deslauriers is over, Nicolas Deslauriers is back on ice.
14:38 of 2nd period - Valtteri Puustinen is hit by Tristen Robins and loses puck.
14:43 of 2nd period - Snap shot by Fredrik Olofsson.
14:43 of 2nd period - Shot Misses the Net.
14:45 of 2nd period - Snap shot by Fredrik Olofsson.
14:45 of 2nd period - Shot Misses the Net.
14:47 of 2nd period - Wrist shot by Robin Salo.
14:47 of 2nd period - Shot Blocked by Michael Stone.
14:49 of 2nd period - Slapshot by Ville Heinola.
14:49 of 2nd period - Stopped by Mackenzie Blackwood without a rebound.
14:50 of 2nd period - Tristen Robins wins face-off versus Peter Abbandonato in Reno Silver Aces zone.
15:17 of 2nd period - Robin Salo is hit by Lars Eller and loses puck.
16:26 of 2nd period - Snap shot by Patrick Brown.
16:26 of 2nd period - Stopped by Matthew Murray with a rebound.
16:35 of 2nd period - Icing by Valtteri Puustinen.
16:36 of 2nd period - Denis Gurianov wins face-off versus Peter Abbandonato in Reno Silver Aces zone.
16:50 of 2nd period - Slapshot by Trevor Lewis.
16:50 of 2nd period - Shot Blocked by Alex Vlasic.
16:52 of 2nd period - Slapshot by Robert Bortuzzo.
16:52 of 2nd period - Stopped by Matthew Murray without a rebound.
16:53 of 2nd period - Matthew Phillips wins face-off versus Patrick Brown in Adelaide Pink Elephants zone.
17:02 of 2nd period - Patrick Brown is hit by AJ Greer.
17:03 of 2nd period - Icing by Patrick Brown.
17:04 of 2nd period - Ryan Suzuki wins face-off versus Patrick Brown in Reno Silver Aces zone.
17:11 of 2nd period - Snap shot by Cal Clutterbuck.
17:11 of 2nd period - Shot Misses the Net.
17:18 of 2nd period - Off-side.
17:19 of 2nd period - Adam Gaudette wins face-off versus Trevor Lewis in neutral zone.
18:14 of 2nd period - Nicolas Deslauriers is hit by Axel Jonsson-Fjallby and loses puck.
18:50 of 2nd period - Off-side.
18:51 of 2nd period - Matthew Phillips wins face-off versus Vinnie Hinostroza in neutral zone.
19:42 of 2nd period - Snap shot by Patrick Brown.
19:42 of 2nd period - Stopped by Matthew Murray without a rebound.
19:43 of 2nd period - Ryan Suzuki wins face-off versus Patrick Brown in Adelaide Pink Elephants zone.
19:53 of 2nd period - Dylan Coghlan is hit by Ryan Suzuki and loses puck.
Goals for this period are 2 for Adelaide Pink Elephants vs 0 for Reno Silver Aces.
Shots for this period are 10 for Adelaide Pink Elephants vs 9 for Reno Silver Aces.
3rd period
0:01 of 3rd period - Ryan Suzuki wins face-off versus Trevor Lewis in neutral zone.
0:08 of 3rd period - Slapshot by Ryan Suzuki.
0:08 of 3rd period - Shot Blocked by Trevor Lewis.
0:14 of 3rd period - Snap shot by Josh Archibald.
0:14 of 3rd period - Shot Blocked by Robin Salo.
0:16 of 3rd period - Snap shot by Josh Archibald.
0:16 of 3rd period - Shot Misses the Net.
0:30 of 3rd period - Wrist shot by Danton Heinen.
0:30 of 3rd period - Shot Blocked by Ville Heinola.
0:49 of 3rd period - Ryan Suzuki is hit by Nicolas Deslauriers and loses puck.
0:58 of 3rd period - Slapshot by Patrick Brown.
0:58 of 3rd period - Stopped by Matthew Murray with a rebound.
1:00 of 3rd period - Snap shot by Nicolas Deslauriers.
1:00 of 3rd period - Stopped by Matthew Murray with a rebound.
1:06 of 3rd period - Minor Penalty to Nick Cicek for Hooking.
1:07 of 3rd period - Peter Abbandonato wins face-off versus Adam Gaudette in Adelaide Pink Elephants zone.
1:34 of 3rd period - Jacob Bernard-Docker is hit by Trevor Lewis and loses puck.
3:06 of 3rd period - Penalty to Nick Cicek is over, Nick Cicek is back on ice.
3:06 of 3rd period - Icing by Zachary Jones.
3:07 of 3rd period - Lars Eller wins face-off versus Adam Gaudette in Adelaide Pink Elephants zone.
3:08 of 3rd period - Snap shot by Valtteri Puustinen.
3:08 of 3rd period - Shot Blocked by Jacob Bernard-Docker.
3:10 of 3rd period - Slapshot by Jeremie Poirier.
3:10 of 3rd period - Deflect By Patrick Brown.
3:10 of 3rd period - Shot Misses the Net.
3:10 of 3rd period - Puck is out of play.
3:11 of 3rd period - Tristen Robins wins face-off versus Patrick Brown in Adelaide Pink Elephants zone.
3:11 of 3rd period - Tristen Robins is hit by Nicolas Deslauriers.
3:46 of 3rd period - Off-side.
3:47 of 3rd period - Adam Gaudette wins face-off versus Trevor Lewis in neutral zone.
3:54 of 3rd period - Slapshot by Adam Gaudette.
3:54 of 3rd period - Shot Misses the Net.
4:08 of 3rd period - Minor Penalty to Ville Heinola for Hooking.
4:09 of 3rd period - Peter Abbandonato wins face-off versus Cal Clutterbuck in Adelaide Pink Elephants zone.
4:21 of 3rd period - Icing by William Villeneuve.
4:22 of 3rd period - Peter Abbandonato wins face-off versus Adam Gaudette in Reno Silver Aces zone.
4:22 of 3rd period - Peter Abbandonato is hit by Adam Gaudette.
4:38 of 3rd period - Backhand shot by Peter Abbandonato.
4:38 of 3rd period - Goal by Peter Abbandonato - Adelaide Pink Elephants : 3 - Reno Silver Aces : 1.
4:39 of 3rd period - Axel Jonsson-Fjallby wins face-off versus Trevor Lewis in neutral zone.
5:04 of 3rd period - Maxime Comtois is hit by Cal Clutterbuck and loses puck.
5:23 of 3rd period - Wrist shot by Drew O'Connor.
5:23 of 3rd period - Shot Misses the Net.
5:25 of 3rd period - Slapshot by Michael Stone.
5:25 of 3rd period - Shot Blocked by Nick Cicek.
5:27 of 3rd period - Snap shot by Drew O'Connor.
5:27 of 3rd period - Stopped by Matthew Murray without a rebound.
5:28 of 3rd period - Trevor Lewis wins face-off versus Tristen Robins in Adelaide Pink Elephants zone.
5:37 of 3rd period - Snap shot by Tristen Robins.
5:37 of 3rd period - Shot Misses the Net.
5:39 of 3rd period - Snap shot by Alex Vlasic.
5:39 of 3rd period - Deflect By Axel Jonsson-Fjallby.
5:39 of 3rd period - Stopped by Mackenzie Blackwood with a rebound.
5:41 of 3rd period - Snap shot by Alex Vlasic.
5:41 of 3rd period - Deflect By Jeremie Poirier.
5:41 of 3rd period - Stopped by Mackenzie Blackwood without a rebound.
5:42 of 3rd period - Lars Eller wins face-off versus Ryan Suzuki in Reno Silver Aces zone.
5:42 of 3rd period - Lars Eller is hit by Zachary Jones.
5:54 of 3rd period - Wrist shot by Lars Eller.
5:54 of 3rd period - Stopped by Matthew Murray without a rebound.
5:55 of 3rd period - Ryan Suzuki wins face-off versus Trevor Lewis in Adelaide Pink Elephants zone.
5:55 of 3rd period - Ryan Suzuki is hit by Robert Bortuzzo.
6:03 of 3rd period - Snap shot by Ryan Suzuki.
6:03 of 3rd period - Stopped by Mackenzie Blackwood with a rebound.
6:05 of 3rd period - Wrist shot by Ryan Suzuki.
6:05 of 3rd period - Stopped by Mackenzie Blackwood without a rebound.
6:06 of 3rd period - Trevor Lewis wins face-off versus Ryan Suzuki in Reno Silver Aces zone.
6:15 of 3rd period - Axel Jonsson-Fjallby is hit by Vinnie Hinostroza and loses puck.
6:43 of 3rd period - Snap shot by Patrick Brown.
6:43 of 3rd period - Stopped by Matthew Murray with a rebound.
7:01 of 3rd period - Wrist shot by Adam Gaudette.
7:01 of 3rd period - Stopped by Mackenzie Blackwood without a rebound.
7:02 of 3rd period - Adam Gaudette wins face-off versus Trevor Lewis in Reno Silver Aces zone.
7:03 of 3rd period - Snap shot by Denis Gurianov.
7:03 of 3rd period - Stopped by Mackenzie Blackwood with a rebound.
7:05 of 3rd period - Wrist shot by Zachary Jones.
7:05 of 3rd period - Stopped by Mackenzie Blackwood with a rebound.
7:07 of 3rd period - Wrist shot by Denis Gurianov.
7:07 of 3rd period - Shot Misses the Net.
7:09 of 3rd period - Wrist shot by Cal Clutterbuck.
7:09 of 3rd period - Shot Blocked by Dylan Coghlan.
8:41 of 3rd period - Denis Gurianov is hit by Drew O'Connor and loses puck.
8:46 of 3rd period - Snap shot by Nicolas Deslauriers.
8:46 of 3rd period - Stopped by Matthew Murray with a rebound.
8:48 of 3rd period - Wrist shot by Nicolas Deslauriers.
8:48 of 3rd period - Stopped by Matthew Murray without a rebound.
8:49 of 3rd period - AJ Greer wins face-off versus Lars Eller in Adelaide Pink Elephants zone.
8:53 of 3rd period - Icing by Jacob Bernard-Docker.
8:54 of 3rd period - Matthew Phillips wins face-off versus Lars Eller in Adelaide Pink Elephants zone.
9:07 of 3rd period - Wrist shot by Ryan Suzuki.
9:07 of 3rd period - Stopped by Mackenzie Blackwood with a rebound.
9:39 of 3rd period - Wrist shot by Denis Gurianov.
9:39 of 3rd period - Shot Misses the Net.
9:41 of 3rd period - Backhand shot by Cal Clutterbuck.
9:41 of 3rd period - Stopped by Mackenzie Blackwood with a rebound.
9:43 of 3rd period - Wrist shot by Cal Clutterbuck.
9:43 of 3rd period - Shot Blocked by Michael Stone.
9:59 of 3rd period - Slapshot by Michael Stone.
9:59 of 3rd period - Shot Misses the Net.
10:01 of 3rd period - Slapshot by Michael Stone.
10:01 of 3rd period - Shot Blocked by Matthew Phillips.
10:03 of 3rd period - Slapshot by Michael Stone.
10:03 of 3rd period - Stopped by Matthew Murray with a rebound.
10:05 of 3rd period - Wrist shot by Peter Abbandonato.
10:05 of 3rd period - Stopped by Matthew Murray with a rebound.
10:07 of 3rd period - Backhand shot by Valtteri Puustinen.
10:07 of 3rd period - Stopped by Matthew Murray without a rebound.
10:08 of 3rd period - Adam Gaudette wins face-off versus Lars Eller in Adelaide Pink Elephants zone.
12:18 of 3rd period - Backhand shot by Peter Abbandonato.
12:18 of 3rd period - Stopped by Matthew Murray with a rebound.
12:30 of 3rd period - Fredrik Olofsson is hit by Nicolas Deslauriers and loses puck.
13:01 of 3rd period - AJ Greer is hit by Trevor Lewis.
13:09 of 3rd period - Alex Vlasic is hit by Josh Archibald and loses puck.
14:39 of 3rd period - Snap shot by Patrick Brown.
14:39 of 3rd period - Stopped by Matthew Murray with a rebound.
15:24 of 3rd period - Snap shot by Vinnie Hinostroza.
15:24 of 3rd period - Shot Hit the Post.
16:30 of 3rd period - Backhand shot by Lars Eller.
16:30 of 3rd period - Shot Misses the Net.
16:32 of 3rd period - Wrist shot by Danton Heinen.
16:32 of 3rd period - Stopped by Matthew Murray without a rebound.
16:33 of 3rd period - Lars Eller wins face-off versus Tristen Robins in Adelaide Pink Elephants zone.
16:51 of 3rd period - Icing by Maxime Comtois.
16:52 of 3rd period - Patrick Brown wins face-off versus Matthew Phillips in Reno Silver Aces zone.
17:36 of 3rd period - Snap shot by Adam Gaudette.
17:36 of 3rd period - Shot Misses the Net.
19:29 of 3rd period - Minor Penalty to Jon Merrill for Hooking.
19:30 of 3rd period - Matthew Phillips wins face-off versus Patrick Brown in Reno Silver Aces zone.
Goals for this period are 0 for Adelaide Pink Elephants vs 1 for Reno Silver Aces.
Shots for this period are 9 for Adelaide Pink Elephants vs 14 for Reno Silver Aces.
Back to the Top